 Dungeon Crawl Stone Soup version 0.19.1 (webtiles) character file.

330123 Haldmier the Devastator (level 20, -14/127 (133) HPs)
             Began as a High Elf Skald on Dec 14, 2016.
             Was the Champion of Vehumet.
             Demolished by a frost giant
             ... wielding a +1 battleaxe of freezing
              (15 damage)
             ... on level 1 of the Depths on Dec 15, 2016.
             The game lasted 06:45:46 (48938 turns).

Haldmier the Devastator (High Elf Skald)           Turns: 48938, Time: 06:45:47

HP:   -14/127 (133) AC: 23    Str: 15    XL:     20   Next: 84%
MP:   27/39         EV: 18    Int: 21    God:    Vehumet [******]
Gold: 2484          SH:  6    Dex: 20    Spells: 11 memorised, 11 levels left

rFire  + . .     SeeInvis +     K - +8 scimitar of Indomitability {freeze, *Drain +Rage SInv}
rCold  . . .     Gourm    .     T - +6 fire dragon scales
rNeg   . . .     Faith    .     F - +0 buckler
rPois  +         Spirit   .     (helmet restricted)
rElec  +         Reflect  .     G - +1 cloak {MR+}
rCorr  .         Harm     .     w - +1 pair of gloves {archery}
MR     ++++.     Clarity  +     P - +1 pair of boots {run}
Stlth  ++........               y - amulet of regeneration
                                b - ring of ice
                                N - ring "Ebeuc" {*Drain rElec rPois MR+ Str+4}

@: regenerating, repel missiles, quick
A: antennae 1, clarity, wild magic 1
a: Renounce Religion, Evoke Berserk Rage
}: 2/15 runes: barnacled, gossamer


You were on level 1 of the Depths.
You worshipped Vehumet.
Vehumet was exalted by your worship.
You were not hungry.

You visited 8 branches of the dungeon, and saw 37 of its levels.
You also visited: Labyrinth, Ice Cave, Volcano and Desolation.

You collected 4238 gold pieces.
You spent 1754 gold pieces at shops.

Inventory:

Hand Weapons
 K - the +8 scimitar of Indomitability (weapon) {freeze, *Drain +Rage SInv}
   (You found it on level 11 of the Dungeon)

   It has been specially enchanted to freeze those struck by it, causing extra
   injury to most foes and up to half again as much damage against particularly
   susceptible opponents.
   It can also slow down cold-blooded creatures.
   It lets you see invisible.
   It lets you go berserk.
   It causes draining when unequipped.
Missiles
 u - 34 javelins (quivered)
 E - 11 throwing nets
Armour
 c - the cursed +0 helmet of Modesty {rPois rN+, unknown}
   (You found it on level 1 of the Depths)

   It protects you from poison.
   It protects you from negative energy.
   It has a curse placed upon it.
 r - a +1 helmet
 w - a +1 pair of gloves of archery (worn)
 F - a +0 buckler (worn)
 G - a +1 cloak of magic resistance (worn)
 P - a +1 pair of boots of running (worn)
 T - +6 fire dragon scales (worn)
Jewellery
 b - a ring of ice (right hand)
 e - an uncursed ring of wizardry
 i - an uncursed ring of protection from fire
 n - an uncursed ring of positive energy
 x - the ring of the Empty Page {+Inv rN+ Dex-5 Stlth+}
   (You found it on level 3 of the Vaults)

   [ring of stealth]

   It affects your dexterity (-5).
   It protects you from negative energy.
   It lets you turn invisible.
   It makes you more stealthy.
 y - an amulet of regeneration (around neck)
 D - the ring "Nesaafuf" {rC+ Int+3}
   (You found it on level 4 of the Shoals)

   [ring of protection from cold]

   It affects your intelligence (+3).
   It protects you from cold.
 N - the ring "Ebeuc" (left hand) {*Drain rElec rPois MR+ Str+4}
   (You took it off a merfolk on level 4 of the Shoals)

   [ring of poison resistance]

   It affects your strength (+4).
   It insulates you from electricity.
   It protects you from poison.
   It affects your resistance to hostile enchantments.
   It causes draining when unequipped.
Wands
 a - a wand of polymorph (13/24)
 j - a wand of digging (13/24)
 k - a wand of hasting (2/9)
 L - a wand of digging (10/24)
Scrolls
 l - 2 scrolls of fear
 o - 24 scrolls of remove curse
 p - 2 scrolls of magic mapping
 s - 7 scrolls of teleportation
 H - 5 scrolls of identify
 Y - 2 scrolls of fog
Potions
 g - 4 potions of resistance
 q - 3 potions of berserk rage
 t - 6 potions of magic
 A - 9 potions of curing
 B - 3 potions of haste
 I - 3 potions of might
 J - 3 potions of agility
 M - 3 potions of heal wounds
Miscellaneous
 v - a phial of floods
Comestibles
 d - 22 bread rations
 f - 37 fruits
 h - 8 chunks of flesh
 C - 19 meat rations
 Z - 25 royal jellies


   Skills:
 - Level 10.3 Fighting
 - Level 14.3 Long Blades
 - Level 7.5 Armour
 - Level 13.6 Dodging
 - Level 5.4 Stealth
 - Level 4.0 Shields
 + Level 14.9 Spellcasting
 - Level 16.0 Conjurations
 - Level 6.0 Hexes
 - Level 10.0 Charms
 + Level 8.2 Necromancy
 - Level 6.0 Translocations
 + Level 12.3 Transmutations
 - Level 3.0 Fire Magic
 - Level 15.0 Ice Magic
 - Level 8.1 Air Magic


You had 11 spell levels left.
You knew the following spells:

 Your Spells              Type           Power        Failure   Level  Hunger
a - Magic Dart            Conj           ####         1%          1    None
b - Shroud of Golubria    Chrm/Tloc      ######....   1%          2    None
c - Spectral Weapon       Hex/Chrm       ######..     3%          3    None
d - Regeneration          Chrm/Necr      ######....   2%          3    None
e - Blink                 Tloc           N/A          3%          2    None
f - Repel Missiles        Chrm/Air       ######       1%          2    None
g - Dazzling Spray        Conj/Hex       ######       1%          3    None
h - Conjure Flame         Conj/Fire      ######..     1%          3    None
i - Sticky Flame          Conj/Fire      ######..     1%          4    None
j - Necromutation         Tmut/Necr      ######....   100%        8    #######
k - Freezing Cloud        Conj/Ice/Air   #######...   5%          6    #####..


Dungeon Overview and Level Annotations

Branches:
Dungeon (15/15)            Temple (1/1) D:5            Lair (6/6) D:10
 Shoals (4/4) Lair:4       Spider (4/4) Lair:2        Slime (0/5) Lair:5
    Orc (2/2) D:10            Elf (0/3) Orc:2        Vaults (4/5) D:14
  Crypt (0/3) Vaults:2     Depths (1/5) D:15

Altars:
Ashenzari
Cheibriados
Dithmenos
Elyvilon
Fedhas
Gozag
Hepliaklqana
Kikubaaqudgha
Makhleb
Nemelex Xobeh
Okawaru
Qazlal
Ru
Sif Muna
Trog
Uskayaw
Vehumet
Xom
Yredelemnul
Zin
The Shining One
Jiyva

Shops:
D:11 ?   D:13 }   Orc:2 [(=(:   Shoals:3 [((!%   Vaults:1 (   Vaults:2 [=
Vaults:3 (

Portals:
Hell: Depths:1

Annotations:
D:1 Crystal room
D:8 Crystal \ cold run - want etc


Innate Abilities, Weirdness & Mutations

You have a pair of small antennae on your head.
You possess an exceptional clarity of mind.
Your spells are a little harder to cast, but a little more powerful.


Message History

Casting: Spectral Weapon
Confirm with . or Enter, or press ? or * to list all spells.
You draw out your weapon's spirit!
You regained 2 hp, and now have 79/127 hp.
You now have 27/39 mp.
You slash the frost giant!
The frost giant is heavily wounded.
Your spectral weapon barely misses the frost giant.
The frost giant gestures at you while chanting.
The bolt of cold hits you!
* * * LOW HITPOINT WARNING * * *
You take 49 damage, and have 30/127 hp.
MASSIVE DAMAGE!!
You slash the frost giant! You freeze the frost giant.
The frost giant is severely wounded.
Your spectral weapon hits the frost giant!
Your spectral weapon freezes the frost giant.
The frost giant hits you with a battleaxe of freezing!!
* * * LOW HITPOINT WARNING * * *
The frost giant freezes you!
You die...

#..........# .#
#..........# .#
#..........# ###.####
#..........###......#
#..........'........# #
#..........###.###### #
#.../......# #)# ##
#......(...# #.# .##
#.....@C...# #.# ..#
########'#####.# ..#
#.....#.#
#.################.###.#.#
#..........CJ......# #.#.#
##################.# #...#
#.# ##### ###


You could see a frost giant and a friendly spectral scimitar of Indomitability
{freeze, *Drain +Rage SInv}.

Vanquished Creatures
  Frederick (Vaults:4)
  Bai Suzhen (Shoals:4)
  Nikola (Shoals:1)
  2 sphinxes
  Frances (Spider:1)
  Kirke (Spider:1)
  Ilsuiw (Shoals:4)
  A frost giant (Shoals:4)
  6 vault wardens
  2 deep elf sorcerers
  5 ghost moths
  2 emperor scorpions
  12 ironheart preservers
  7 stone giants
  6 very ugly things
  5 entropy weavers
  3 halazid warlocks (Desolation)
  3 deep elf demonologists (Vaults:1)
  A dire elephant (D:15)
  3 spark wasps (Spider:4)
  A deep elf death mage (Vaults:1)
  2 ettins (Vaults:4)
  4 merfolk javelineers
  4 fire dragons
  A blizzard demon (IceCv)
  10 merfolk impalers
  3 great orbs of eyes
  3 crystal guardians
  A minotaur (Lab)
  6 yaktaur captains
  5 ragged hierophants (Desolation)
  5 ice dragons
  2 servants of whispers (Desolation)
  A great orb of eyes (shapeshifter) (Vaults:3)
  7 ogre magi
  3 rakshasas
  13 vault guards
  4 merfolk avatars
  2 peacekeepers (Desolation)
  10 hydras
  A death knight (Vaults:1)
  2 catoblepae
  3 alligator snapping turtles
  The ghost of Mefis the Thaumaturge, a journeyman DEWz of Sif Muna (Lair:1)
  6 centaur warriors
  3 merfolk aquamancers (Shoals:4)
  3 death yaks (Lair:4)
  A dancing weapon (Vaults:4)
  Urug (D:12)
  3 deep troll shamans
  A deep troll earth mage (Vaults:4)
  5 orc high priests (Orc:2)
  3 deep elf knights
  Sonja (D:13)
  A flayed ghost (Vaults:2)
  A swamp dragon (shapeshifter) (Vaults:1)
  4 unseen horrors
  7 skeletal warriors
  A death drake (shapeshifter) (Vaults:3)
  14 deep trolls
  18 sea snakes
  An obsidian statue (Spider:2)
  4 deep elf archers
  15 orc knights
  2 wizards
  7 hill giants
  3 anaconda skeletons (Volcano)
  15 orb spiders
  13 ironbrand convokers
  14 harpies
  A frost giant zombie (Vaults:3)
  A wolf spider zombie (D:15)
  5 fauns
  A human zombie (Vaults:3)
  10 deep elf magi
  3 necromancers
  4 orc sorcerers
  48 wolf spiders
  19 ugly things
  2 moths of wrath
  10 manticores
  4 elephants (Lair:6)
  A salamander (D:15)
  13 vault sentinels
  10 cyclopes
  A fire giant skeleton (Vaults:3)
  6 black mambas
  7 water nymphs
  2 guardian serpents (Desolation)
  A spiny frog (shapeshifter) (D:14)
  3 ice statues
  7 gargoyles
  11 spiny frogs
  12 sirens
  3 centaur skeletons
  3 rime drakes (Lair:6)
  10 komodo dragons
  21 yaktaurs
  2 kobold demonologists
  22 demonic crawlers
  An efreet (D:14)
  7 freezing wraiths
  20 ice devils
  26 jumping spiders
  3 meliai
  26 merfolk
  4 trolls
  7 polar bears (Lair:6)
  A queen bee (D:11)
  10 hornets
  17 saltlings (Desolation)
  A two-headed ogre (shapeshifter) (D:15)
  14 two-headed ogres
  5 dream sheep
  7 wind drakes
  26 slime creatures
  2 harpy skeletons (Volcano)
  18 hippogriffs
  13 blink frogs
  9 snapping turtles
  A stone giant simulacrum (Vaults:3)
  A blink frog (shapeshifter) (Vaults:3)
  2 ettin zombies
  A centaur simulacrum (D:15)
  25 tarantellas
  A hippogriff (shapeshifter) (Vaults:1)
  A wraith (D:13)
  2 flying skulls (Volcano)
  90 redbacks
  12 wyverns
  A spriggan (shapeshifter) (Vaults:3)
  4 basilisks
  7 water elementals
  The ghost of Nydiazath the Covert, an amateur SpEn (D:4)
  4 hogs
  55 yaks
  2 steam dragons
  4 hungry ghosts
  Grum (Lair:1)
  12 wargs
  2 soldier ants
  Duvessa (D:5)
  15 water moccasins
  The ghost of Tramtrist the Sneak, an amateur SpAs (D:3)
  6 porcupines
  2 hell hounds (Lair:3)
  3 sky beasts
  3 black bears
  54 orc warriors
  4 ice beasts
  4 phantoms
  5 boggarts
  29 ogres
  3 necrophages
  15 wolves
  23 centaurs
  15 crocodiles
  2 big kobolds (D:15)
  18 bullfrogs
  Dowan (D:5)
  2 human skeletons (Vaults:4)
  A wyvern skeleton (D:6)
  4 scorpions
  32 killer bees
  5 electric eels
  4 howler monkeys
  2 troll skeletons (Volcano)
  A spriggan skeleton (Volcano)
  15 wights
  A bullfrog zombie (D:13)
  7 crimson imps
  A quasit (D:7)
  4 centaur zombies
  5 hounds
  3 jellies
  A gnoll shaman (D:5)
  33 orc priests
  2 bullfrog skeletons
  26 orc wizards
  An iguana (D:5)
  Ijyb (D:3)
  2 worker ants (shapeshifter)
  10 worker ants
  3 naga skeletons (Volcano)
  2 hound skeletons
  15 gnolls
  2 worker ant zombies
  13 adders
  7 white imps (IceCv)
  12 ufetubi
  3 oozes
  An adder zombie (D:5)
  3 adder skeletons
  3 worms
  A dart slug (D:2)
  7 leopard geckos
  91 orcs
  2 ball pythons
  8 bats
  12 giant cockroaches
  3 hobgoblins
  16 jackals
  8 kobolds
  6 quokkas
  A ball python zombie (D:6)
  4 frilled lizards
  A giant cockroach zombie (D:5)
  4 goblins
  A quokka zombie (D:7)
  13 rats
  A spectral orc (D:2)
  7 plants
  4 spectral weapons
1615 creatures vanquished.

Vanquished Creatures (others)
  An ironbrand convoker (Vaults:1)
  A saltling (Desolation)
  A redback (Spider:2)
  A human (Spider:2)
  4 white imps (IceCv)
  An orc (Orc:2)
  2 fungi (Lair:4)
  11 plants
  80 spectral weapons
102 creatures vanquished.

Grand Total: 1717 creatures vanquished

Notes
Turn   | Place    | Note
-------+----------+-------------------------------------------
     0 | D:1      | Haldmier the High Elf Skald began the quest for the Orb.
     0 | D:1      | Reached XP level 1. HP: 14/14 MP: 4/4
   324 | D:1      | Reached XP level 2. HP: 19/19 MP: 0/6
   476 | D:2      | Learned a level 2 spell: Shroud of Golubria
   731 | D:2      | Found a snail-covered altar of Cheibriados.
  1075 | D:1      | Reached XP level 3. HP: 22/25 MP: 0/7
  1162 | D:1      | Learned a level 3 spell: Spectral Weapon
  1695 | D:2      | Reached skill level 1 in Translocations
  2039 | D:2      | Found a basalt altar of Yredelemnul.
  2403 | D:3      | Noticed Ijyb
  2418 | D:2      | Reached XP level 4. HP: 30/30 MP: 2/9
  2622 | D:3      | Killed Ijyb
  2748 | D:3      | Learned a level 3 spell: Regeneration
  2986 | D:3      | Noticed Tramtrist's ghost (amateur SpAs)
  3052 | D:3      | Reached skill level 1 in Hexes
  3054 | D:3      | Reached XP level 5. HP: 35/35 MP: 3/10
  3393 | D:3      | Killed Tramtrist's ghost
  3534 | D:3      | Reached XP level 6. HP: 41/41 MP: 5/12
  3884 | D:4      | Noticed Nydiazath's ghost (amateur SpEn)
  4126 | D:4      | Reached skill level 5 in Long Blades
  4192 | D:5      | Entered Level 5 of the Dungeon
  4377 | D:5      | Reached skill level 1 in Necromancy
  4386 | D:5      | Found a staircase to the Ecumenical Temple.
  4394 | Temple   | Entered the Ecumenical Temple
  4512 | D:4      | Killed Nydiazath's ghost
  4512 | D:4      | Reached XP level 7. HP: 46/46 MP: 4/13
  4607 | D:4      | Found a sparkling altar of Nemelex Xobeh.
  5563 | D:5      | Reached skill level 5 in Charms
  5631 | D:5      | Noticed Duvessa
  5631 | D:5      | Noticed Dowan
  5644 | D:5      | Killed Duvessa
  5648 | D:5      | Killed Dowan
  5923 | D:5      | Reached XP level 8. HP: 28/54 MP: 5/14
  6736 | D:6      | Found a faded altar of an unknown god.
  6736 | D:6      | Found a deep blue altar of Sif Muna.
  6741 | D:6      | Found a faded altar of an unknown god.
  6743 | D:6      | Found a faded altar of an unknown god.
  6744 | D:6      | Found a faded altar of an unknown god.
  6849 | D:6      | Found a stormy altar of Qazlal.
  7247 | D:6      | Found an ancient bone altar of Kikubaaqudgha.
  7352 | D:6      | Reached XP level 9. HP: 60/60 MP: 12/17
  7576 | D:7      | Found a radiant altar of Vehumet.
  7585 | D:7      | Reached skill level 5 in Fighting
  7621 | D:7      | Became a worshipper of Vehumet
  7733 | D:7      | Reached skill level 5 in Spellcasting
  7952 | D:7      | You fall through a shaft for 2 floors!
  8566 | D:7      | Reached * piety under Vehumet
  8566 | D:7      | Offered knowledge of Sandblast by Vehumet.
  8673 | D:7      | Found a hazy altar of Hepliaklqana.
  8753 | D:7      | Reached XP level 10. HP: 68/68 MP: 12/20
  9239 | D:8      | Found an opulent altar of Gozag.
  9917 | D:9      | Reached skill level 10 in Long Blades
 10009 | D:9      | Found an iron altar of Okawaru.
 10010 | D:9      | Found a burning altar of Makhleb.
 10142 | D:9      | HP: 3/68 [poisoned by a soldier ant]
 10466 | D:10     | Entered Level 10 of the Dungeon
 10495 | D:10     | Offered knowledge of Shock by Vehumet.
 10564 | D:9      | Learned a level 2 spell: Blink
 10567 | D:9      | Learned a level 2 spell: Repel Missiles
 10569 | D:9      | Learned a level 1 spell: Magic Dart
 10573 | D:9      | Learned a level 3 spell: Conjure Flame
 10592 | D:10     | Reached ** piety under Vehumet
 10645 | D:10     | Reached skill level 1 in Air Magic
 10650 | D:10     | Reached skill level 1 in Conjurations
 10688 | D:10     | Found a staircase to the Lair.
 10861 | D:10     | Noticed a hill giant
 10869 | D:10     | Killed a hill giant
 10869 | D:10     | Reached skill level 1 in Fire Magic
 11093 | D:10     | Noticed a hill giant
 11100 | D:10     | Killed a hill giant
 11100 | D:10     | Reached skill level 2 in Conjurations
 11100 | D:10     | Reached XP level 11. HP: 44/72 MP: 17/21
 11167 | D:10     | Found a staircase to the Orcish Mines.
 11405 | Lair:1   | Entered Level 1 of the Lair of Beasts
 11435 | Lair:1   | Noticed Mefis's ghost (journeyman DEWz)
 11473 | Lair:1   | Killed Mefis's ghost
 11557 | Lair:1   | Noticed Grum
 11575 | Lair:1   | Killed Grum
 11605 | Lair:1   | Reached skill level 3 in Conjurations
 11644 | Lair:1   | Offered knowledge of Dazzling Spray by Vehumet.
 11710 | Lair:1   | Learned a level 3 spell: Dazzling Spray
 11785 | Lair:1   | Reached skill level 5 in Dodging
 11790 | Lair:1   | Reached *** piety under Vehumet
 12211 | Lair:1   | Reached skill level 4 in Conjurations
 12274 | Lair:1   | Reached skill level 10 in Charms
 12644 | Lair:2   | Reached skill level 5 in Conjurations
 12710 | Lair:2   | Got a colourful robe
 12914 | Lair:2   | Offered knowledge of Sticky Flame by Vehumet.
 13165 | Lair:2   | Found a hole to the Spider Nest.
 13165 | Lair:2   | Noticed an orb spider
 13187 | Lair:2   | Killed an orb spider
 13229 | Lair:2   | Reached XP level 12. HP: 58/79 MP: 17/22
 13487 | Lair:2   | Learned a level 4 spell: Sticky Flame
 13527 | Lair:3   | Noticed an eight-headed hydra
 13618 | Lair:3   | Reached skill level 6 in Conjurations
 13663 | Lair:3   | Found a dark tunnel.
 13686 | Lair:3   | Identified the +3 robe of Life {rElec MP-9 Int+4} (You found it on level 2 of the Lair of Beasts)
 13743 | Volcano  | Entered a volcano
 13876 | Volcano  | Reached **** piety under Vehumet
 13956 | Volcano  | Reached skill level 7 in Conjurations
 13967 | Volcano  | Offered knowledge of Fireball by Vehumet.
 14466 | Lair:3   | Killed a five-headed hydra
 14570 | Lair:3   | Reached skill level 8 in Conjurations
 15214 | Lair:4   | Noticed a seven-headed hydra
 15227 | Lair:4   | Killed a three-headed hydra
 15338 | Lair:4   | Noticed a catoblepas
 15344 | Lair:4   | Killed a catoblepas
 15570 | Lair:4   | Reached ***** piety under Vehumet
 15570 | Lair:4   | Reached skill level 9 in Conjurations
 15570 | Lair:4   | Reached XP level 13. HP: 83/83 MP: 21/24
 15580 | Lair:4   | Offered knowledge of Yara's Violent Unravelling by Vehumet.
 15810 | Lair:4   | Reached skill level 10 in Dodging
 16140 | Lair:4   | Found a sparkling altar of Nemelex Xobeh.
 16214 | Lair:4   | Found a staircase to the Shoals.
 16584 | Lair:5   | Reached skill level 10 in Conjurations
 16617 | Lair:5   | Found a staircase to the Slime Pits.
 16618 | Lair:5   | Found a viscous altar of Jiyva.
 16915 | Lair:6   | Entered Level 6 of the Lair of Beasts
 17161 | Lair:6   | Reached skill level 1 in Armour
 17779 | Lair:6   | Reached XP level 14. HP: 80/93 MP: 28/28
 18629 | Orc:1    | Entered Level 1 of the Orcish Mines
 18824 | Orc:2    | Entered Level 2 of the Orcish Mines
 18884 | Orc:2    | Found Casaq's Armour Boutique.
 19786 | Orc:1    | Reached ****** piety under Vehumet
 19888 | Orc:2    | Found a staircase to the Elven Halls.
 19957 | Orc:2    | Offered knowledge of Iskenderun's Battlesphere by Vehumet.
 20079 | Orc:2    | Reached skill level 5 in Armour
 20279 | Orc:2    | Learned a level 5 spell: Iskenderun's Battlesphere
 20548 | Orc:2    | Paralysed by an orc sorcerer for 3 turns
 21154 | Orc:2    | Found Kad Qeum's Book Shoppe.
 21154 | Orc:2    | Found Pomear's Antique Weapon Shoppe.
 21155 | Orc:2    | Found Jeofrog's Weapon Emporium.
 21155 | Orc:2    | Found Peyder's Jewellery Shoppe.
 21166 | Orc:2    | Bought a runed scimitar for 220 gold pieces
 21263 | Orc:2    | Offered knowledge of Poison Arrow by Vehumet.
 21545 | Orc:2    | Bought a double sword for 330 gold pieces
 21798 | D:11     | Found Hoppoq's Magic Scroll Emporium.
 21816 | D:11     | Bought a scroll of noise for 14 gold pieces
 21816 | D:11     | Bought a scroll of acquirement for 728 gold pieces
 21819 | D:11     | Bought a scroll of teleportation for 42 gold pieces
 21819 | D:11     | Bought a scroll of blinking for 105 gold pieces
 22084 | D:11     | Reached skill level 10 in Fighting
 22137 | D:11     | Got a scorched scimitar
 22138 | D:11     | Identified the +8 scimitar of Indomitability {freeze, *Drain +Rage SInv} (You found it on level 11 of the Dungeon)
 22579 | D:12     | Noticed Urug
 22659 | D:12     | Killed Urug
 22737 | D:12     | Reached skill level 1 in Shields
 23013 | D:12     | Reached XP level 15. HP: 77/103 MP: 29/29
 23430 | D:13     | Offered knowledge of Delayed Fireball by Vehumet.
 23462 | D:13     | Noticed Sonja
 23474 | D:13     | Killed Sonja
 23517 | D:13     | Found Homaynem's Gadget Emporium.
 23596 | D:13     | Found a sacrificial altar of Ru.
 23623 | D:13     | Found a labyrinth entrance.
 23693 | Lab      | Entered a labyrinth
 24293 | Lab      | Got a pitted plate armour
 24315 | Lab      | Identified the +12 plate armour of Hiblute {SInv} (You found it in a labyrinth)
 24753 | D:11     | Bought a scroll of enchant armour for 105 gold pieces
 24753 | D:11     | Bought a scroll of enchant armour for 105 gold pieces
 24753 | D:11     | Bought a scroll of enchant armour for 105 gold pieces
 24907 | D:13     | Found a sparkling altar of Nemelex Xobeh.
 25021 | D:13     | Reached skill level 1 in Stealth
 26297 | D:14     | Reached skill level 10 in Spellcasting
 26448 | Lair:1   | Learned a level 6 spell: Freezing Cloud
 26654 | D:14     | Reached skill level 1 in Ice Magic
 26684 | D:14     | Found a blossoming altar of Fedhas.
 27004 | D:14     | Found a gate to the Vaults.
 27230 | D:15     | Entered Level 15 of the Dungeon
 27341 | D:15     | Offered knowledge of Conjure Ball Lightning by Vehumet.
 27380 | D:15     | Reached skill level 5 in Stealth
 27594 | D:15     | Found a bloodstained altar of Trog.
 27845 | D:15     | Reached skill level 5 in Ice Magic
 27894 | D:15     | Reached skill level 5 in Air Magic
 27899 | D:15     | Found a staircase to the Depths.
 28388 | Lair:1   | Gained mutation: You possess an exceptional clarity of mind. [potion of beneficial mutation]
 28458 | Spider:1 | Entered Level 1 of the Spider Nest
 28494 | Spider:1 | Reached XP level 16. HP: 107/110 MP: 31/31
 28661 | Spider:1 | Noticed Frances
 28909 | Spider:1 | Killed Frances
 29437 | Spider:1 | Offered knowledge of Poisonous Cloud by Vehumet.
 29555 | Spider:2 | Noticed Kirke
 29577 | Spider:2 | Noticed a sphinx
 29584 | Spider:1 | Killed Kirke
 29923 | Spider:3 | HP: 5/110 [demonic crawler (5)]
 30214 | Spider:4 | Entered Level 4 of the Spider Nest
 30239 | Spider:4 | Reached skill level 5 in Translocations
 30447 | Spider:3 | Offered knowledge of Poisonous Cloud by Vehumet.
 30720 | Spider:2 | Reached skill level 10 in Ice Magic
 31118 | Spider:2 | Reached skill level 5 in Hexes
 31358 | Spider:2 | Reached skill level 5 in Necromancy
 31825 | Spider:2 | Offered knowledge of Glaciate by Vehumet.
 31825 | Spider:2 | Offered knowledge of Shatter by Vehumet.
 31825 | Spider:2 | Offered knowledge of Tornado by Vehumet.
 32043 | Spider:4 | Reached XP level 17. HP: 116/116 MP: 32/32
 33582 | Spider:4 | Got a gossamer rune of Zot
 33682 | Spider:4 | Reached skill level 11 in Conjurations
 34198 | Shoals:1 | Entered Level 1 of the Shoals
 34249 | Shoals:1 | Noticed Nikola
 34271 | Shoals:1 | Killed Nikola
 35000 | Shoals:2 | Found a frozen archway.
 35038 | IceCv    | Entered an ice cave
 35065 | IceCv    | Reached skill level 12 in Conjurations
 35198 | IceCv    | Identified a +0 pair of boots of running (You found it in an ice cave)
 35432 | IceCv    | Got an ancient platinum ring
 36240 | Shoals:3 | Found Isukhlie's Weapon Shop.
 36256 | Shoals:3 | Found Foletov's Distillery.
 36274 | Shoals:3 | Found Eqavaysm's Food Boutique.
 36332 | Shoals:3 | Found Mozaf's Weapon Shop.
 36383 | Shoals:3 | Found Utanejuo's Armour Shoppe.
 36612 | Shoals:3 | Reached XP level 18. HP: 108/122 MP: 33/33
 36637 | Shoals:3 | Reached skill level 13 in Conjurations
 36851 | Shoals:3 | Identified the ring of Temperance {*Tele Int+2} (You found it in an ice cave)
 37607 | Shoals:4 | Entered Level 4 of the Shoals
 37765 | Shoals:4 | Got a wavering golden ring
 37779 | Shoals:4 | Noticed Bai Suzhen
 37814 | Shoals:4 | Killed Bai Suzhen
 37945 | Shoals:4 | Got a clouded bone ring
 38114 | Shoals:4 | Reached skill level 14 in Conjurations
 38118 | Shoals:4 | Identified the ring "Nesaafuf" {rC+ Int+3} (You found it on level 4 of the Shoals)
 38120 | Shoals:4 | Identified the ring "Ebeuc" {*Drain rElec rPois MR+ Str+4} (You took it off a merfolk on level 4 of the Shoals)
 38287 | Shoals:4 | Identified Sif Muna's Catalogue of Moulding and the Frostbite
 38737 | Shoals:4 | Got a warped great sword {venom}
 38918 | Shoals:4 | Got a barnacled rune of Zot
 39035 | Shoals:4 | Reached skill level 15 in Conjurations
 39104 | Shoals:4 | Noticed Ilsuiw
 39137 | Shoals:4 | Killed Ilsuiw
 39530 | Lair:1   | Identified the +6 great sword of Ojylits {venom, rPois rN+} (You took it off a siren on level 4 of the Shoals)
 39563 | Lair:1   | Learned a level 8 spell: Necromutation
 39700 | Vaults:1 | Entered Level 1 of the Vaults
 39712 | Vaults:1 | Reached skill level 1 in Transmutations
 39882 | Vaults:1 | Gained mutation: Your spells are a little harder to cast, but a little more powerful. [potion of beneficial mutation]
 39967 | Vaults:1 | Noticed a Tzitzimitl
 40145 | Vaults:1 | Found a ruined gateway.
 40167 | Desolati | Entered the Desolation of Salt
 40440 | Desolati | Got a translucent copper amulet
 40806 | Desolati | Reached skill level 16 in Conjurations
 40806 | Desolati | Reached XP level 19. HP: 118/126 MP: 34/34
 41070 | Desolati | HP: 6/126 [halazid warlock (10)]
 41440 | Vaults:1 | Reached skill level 5 in Transmutations
 42009 | Vaults:1 | Reached skill level 15 in Ice Magic
 42442 | Vaults:1 | Identified the amulet "Ynatecha" {Inacc rF+ Str+2 Stlth+} (You found it in the Desolation of Salt)
 42560 | Vaults:1 | Found Kuploed's Weapon Boutique.
 42696 | Vaults:2 | Found a staircase to the Crypt.
 43290 | Vaults:2 | Found Qijerar's Armour Shop.
 43536 | Vaults:2 | Found Nihehoh's Jewellery Shoppe.
 43634 | Vaults:2 | Found Womuygec's Food Shop.
 44484 | Vaults:3 | Reached skill level 10 in Transmutations
 44573 | Vaults:3 | Reached XP level 20. HP: 97/133 MP: 38/38
 44753 | Vaults:3 | Got an ancient wooden ring
 44778 | Vaults:3 | Identified the ring of the Empty Page {+Inv rN+ Dex-5 Stlth+} (You found it on level 3 of the Vaults)
 45427 | Vaults:3 | Found Sinaduus's Antique Weapon Boutique.
 47419 | Vaults:4 | Noticed Frederick
 47734 | Vaults:4 | Killed Frederick
 47774 | Vaults:3 | Gained mutation: You have a pair of small antennae on your head. [potion of beneficial mutation]
 47906 | Vaults:4 | Found a snail-covered altar of Cheibriados.
 48598 | Depths:1 | Entered Level 1 of the Depths
 48602 | Depths:1 | Got a crude helmet
 48640 | Depths:1 | Found a shattered altar of Ashenzari.
 48832 | Depths:1 | Found a gateway to Hell.
 48938 | Depths:1 | HP: 1/127 [frost giant/battleaxe of freezing (30)]
 48938 | Depths:1 | Demolished by a frost giant

Skill      XL: |  1  2  3  4  5  6  7  8  9 10 11 12 13 14 15 16 17 18 19 20 |
---------------+-------------------------------------------------------------+-----
Long Blades    | 3 4 5 6 7 9 11 13 14 | 14.3
Translocations | 1 2 3 4 6 |  6.0
Spellcasting   | 3 4 6 7 9 10 13 14 | 14.9
Charms         | 4 5 6 7 9 10 | 10.0
Hexes          | 1 3 4 5 6 |  6.0
Fighting       | 3 4 5 6 7 10 | 10.3
Necromancy     | 1 2 3 5 6 8 |  8.2
Dodging        | 4 6 9 11 13 | 13.6
Air Magic      | 2 5 8 |  8.1
Conjurations   | 2 5 9 10 12 16 | 16.0
Fire Magic     | 1 3 |  3.0
Armour         | 2 6 7 |  7.5
Shields        | 2 4 |  4.0
Stealth        | 5 |  5.4
Ice Magic      | 6 10 13 14 15 | 15.0
Transmutations | 4 10 12 | 12.3

Action                   |  1- 3 |  4- 6 |  7- 9 | 10-12 | 13-15 | 16-18 | 19-21 || total
-------------------------+-------+-------+-------+-------+-------+-------+-------++-------
Melee: Falchion          |    86 |   148 |       |       |       |       |       ||   234
       Long sword        |       |    18 |   169 |       |       |       |       ||   187
       Great sword       |       |       |    62 |   396 |   687 |       |       ||  1145
       Scimitar          |       |       |       |       |   533 |  1540 |   941 ||  3014
 Fire: Hunting sling     |    16 |    12 |       |       |       |       |       ||    28
Throw: Javelin           |       |       |       |       |     3 |       |       ||     3
 Cast: Infusion          |    19 |    18 |    14 |     2 |       |       |       ||    53
       Shroud of Golubri |     6 |    19 |    35 |    66 |   105 |    94 |    48 ||   373
       Spectral Weapon   |       |    10 |    34 |    67 |   146 |   173 |    86 ||   516
       Regeneration      |       |     3 |    16 |    47 |    97 |   168 |    98 ||   429
       Repel Missiles    |       |       |       |     1 |     7 |     3 |     3 ||    14
       Dazzling Spray    |       |       |       |    10 |    34 |    54 |     5 ||   103
       Conjure Flame     |       |       |       |       |    12 |     3 |       ||    15
       Sticky Flame      |       |       |       |       |     9 |     4 |       ||    13
       Magic Dart        |       |       |       |       |    16 |       |       ||    16
       Blink             |       |       |       |       |     6 |     7 |       ||    13
       Iskenderun's Batt |       |       |       |       |     4 |       |       ||     4
       Freezing Cloud    |       |       |       |       |       |    29 |    31 ||    60
Evoke: Phial of floods   |       |       |       |       |     1 |       |       ||     1
       Wand              |       |       |       |       |     1 |     1 |     2 ||     4
  Use: Scroll            |       |     6 |     3 |    12 |    24 |    12 |     7 ||    64
       Potion            |       |     1 |       |     2 |     2 |     5 |     3 ||    13
 Stab: Distracted        |       |     1 |       |     9 |    16 |    41 |    24 ||    91
       Invisible         |       |       |       |       |     4 |    18 |     3 ||    25
       Sleeping          |       |       |       |       |       |     3 |       ||     3
  Eat: Chunk             |     5 |    10 |    19 |    26 |    43 |    46 |    35 ||   184
       Beef jerky        |       |       |       |     1 |     3 |     2 |     1 ||     7
       Pizza             |       |       |       |     1 |     1 |     1 |     2 ||     5
       Fruit             |       |       |       |       |       |    13 |     2 ||    15
Armor: Leather armour    |    34 |    59 |    39 |       |       |       |       ||   132
       Skin              |       |     3 |       |       |       |       |       ||     3
       Ring mail         |       |       |    19 |    93 |   177 |       |       ||   289
       Robe              |       |       |       |     3 |       |       |       ||     3
       Fire dragon scale |       |       |       |       |   130 |   788 |   255 ||  1173
Dodge: Dodged            |    59 |    93 |   112 |   218 |   982 |  1228 |   422 ||  3114
       Deflected         |       |       |       |     2 |    28 |    35 |    27 ||    92
Block: Buckler           |       |       |       |       |   108 |   457 |   162 ||   727
       Rpst.: Falchion   |    19 |    31 |       |       |       |       |       ||    50
       Long sword        |       |     4 |    24 |       |       |       |       ||    28
       Great sword       |       |       |    10 |    62 |   145 |       |       ||   217
       Scimitar          |       |       |       |       |    94 |   240 |    84 ||   418
